Map: Hardwire LE

Players

GuMiho - Winner!

  • Race: Terran Terran

Trap

  • Race: Protoss Protoss

VOD

Have the link to the VOD?

Description

Time

  • Played on: Nov. 26, 2021, 6:29 a.m.
  • Length: 19:21
Show
View Real Time Build Order
Export as new Build Order

GuMiho Terran - Winner!

Build Orders: Banshee Rush 

Get SALT Encoding   

  12  0:00  SCV  
  13  0:12  SCV  
  14  0:16  Supply Depot  
  14  0:24  SCV  
  15  0:38  SCV, Barracks  
  15  0:42  Refinery  
  16  0:50  SCV  
  17  1:02  SCV  
  18  1:14  SCV  
  19  1:25  Marine  
  19  1:26  Orbital Command  
  20  1:42  Command Center  
  20  1:50  Factory  
  20  1:54  SCV  
  21  1:59  Refinery  
  21  2:01  Barracks Reactor  
  21  2:06  SCV  
  22  2:11  Supply Depot  
  22  2:18  SCV  
  23  2:32  SCV  
  23  2:33  Hellion  
  23  2:35  Starport  
  26  2:37  Marine x2  
  28  2:44  SCV  
  29  2:55  Orbital Command  
  29  2:56  Widow Mine  
  31  2:58  Marine x2  
  31  3:02  SCV  
  34  3:13  Starport Tech Lab  
  34  3:14  SCV  
  34  3:15  Supply Depot  
  34  3:16  Marine  
  34  3:18  Marine  
  37  3:22  Widow Mine  
  37  3:25  SCV  
  40  3:27  SCV  
  40  3:32  Banshee  
  44  3:36  Cloaking Field  
  44  3:42  SCV x2  
  44  3:43  Marine  
  44  3:44  Marine  
  44  3:47  Factory Tech Lab  
  48  3:50  Supply Depot  
  48  3:54  SCV x2  
  50  4:03  Supply Depot  
  50  4:06  Siege Tank  
  50  4:07  Marine  
  50  4:09  Marine  
  53  4:10  SCV  
  53  4:12  SCV  
  53  4:15  Banshee  
  58  4:23  SCV  
  60  4:24  SCV  
  60  4:25  Barracks  
  60  4:29  Supply Depot  
  60  4:32  Refinery  
  60  4:34  Marine x2  
  60  4:35  Supply Depot  
  60  4:38  SCV x2  
  64  4:42  Siege Tank  
  67  4:50  SCV x2  
  67  4:52  Supply Depot  
  69  4:56  Marine x2  
  69  4:59  Banshee  
  72  5:02  SCV x2  
  73  5:09  Supply Depot  
  73  5:13  Barracks Tech Lab  
  73  5:14  SCV x2  
  73  5:17  Barracks  
  73  5:19  Supply Depot  
  73  5:20  Engineering Bay  
  75  5:23  Refinery  
  75  5:26  SCV  
  75  5:27  Siege Tank  
  79  5:29  SCV  
  79  5:33  Supply Depot  
  79  5:35  Stimpack  
  79  5:36  Marine  
  79  5:38  Marine  
  79  5:39  SCV  
  79  5:40  Marine  
  83  5:43  Supply Depot  
  83  5:47  SCV  
  84  5:51  SCV  
  84  5:54  Marine  
  84  5:56  Marine  
  87  5:58  Terran Infantry Weapons Level 1, Marine  
  87  5:59  SCV  
  87  6:03  SCV  
  90  6:09  Starport Reactor  
  90  6:11  SCV  
  90  6:13  Marine  
  90  6:14  Marine  
  90  6:15  Supply Depot, SCV  
  90  6:16  Supply Depot  
  94  6:22  Marine  
  94  6:23  Marine  
  94  6:24  Combat Shield, Siege Tank  
  99  6:31  Command Center  
  99  6:36  Marine x2  
  97  6:45  Marine  
  97  6:46  Marine  
  93  6:50  SCV x2  
  93  6:52  Barracks, Medivac  
  97  6:54  Barracks  
  97  6:55  Medivac  
  99  7:01  Siege Tank  
  99  7:07  SCV x2  
  104  7:09  Marauder  
  104  7:10  Marauder, Marine  
  104  7:12  Marine  
  110  7:19  SCV x2  
  112  7:28  Medivac x2  
  116  7:31  Marauder x2  
  116  7:37  Siege Tank  
  123  7:38  SCV  
  123  7:40  SCV  
  119  7:52  Marauder  
  119  7:54  Marauder  
  119  7:56  SCV x2  
  123  8:02  Barracks Reactor, Barracks Tech Lab  
  123  8:04  Medivac x2  
  123  8:05  Marine x2  
  129  8:08  SCV x2, Orbital Command  
  129  8:10  Terran Infantry Armor Level 1  
  131  8:13  Marauder  
  131  8:19  Supply Depot  
  135  8:20  Marauder  
  135  8:21  Supply Depot  
  135  8:26  Marine  
  138  8:27  Marauder  
  138  8:31  Concussive Shells  
  138  8:35  Marauder  
  138  8:41  Marauder  
  138  8:43  Marine x2  
  138  8:44  Marine  
  138  8:47  Viking x2  
  147  8:48  Marauder  
  147  8:50  Refinery  
  147  8:51  SCV  
  147  8:53  Refinery  
  144  8:56  Marauder  
  146  9:03  Marauder, Marine x2  
  146  9:05  Marine x2  
  146  9:06  Siege Tank  
  146  9:09  Marauder  
  157  9:10  SCV x3  
  160  9:17  Marine  
  160  9:18  Armory  
  160  9:20  Engineering Bay, Ghost Academy  
  120  9:32  Marauder x2  
  120  9:36  Medivac x2  
  122  9:48  Factory Reactor  
  120  9:59  Barracks x2, Enhanced Shockwaves  
  120  10:01  Barracks  
  126  10:08  Command Center  
  126  10:13  Terran Infantry Weapons Level 2  
  126  10:22  Terran Infantry Armor Level 2  
  126  10:24  Marine x2  
  126  10:25  Marine x2  
  126  10:28  SCV x3  
  133  10:29  Marine x3, Unknown x3  
  133  10:31  Missile Turret  
  133  10:34  Terran Ship Weapons Level 1, Missile Turret  
  136  10:39  Medivac  
  136  10:40  Widow Mine x2  
  136  10:41  SCV x2  
  136  10:42  SCV  
  145  10:45  Medivac  
  145  10:49  Barracks Tech Lab x2  
  147  10:51  Barracks Reactor  
  147  10:53  Missile Turret  
  146  11:00  Marauder x3, Marine x3  
  146  11:01  Marine  
  146  11:03  Widow Mine x2  
  160  11:08  Missile Turret  
  160  11:15  Command Center  
  160  11:18  SCV x3  
  163  11:24  Marine  
  163  11:25  Marauder x3  
  169  11:28  Planetary Fortress  
  167  11:33  SCV x3  
  167  11:36  Marauder x2, Marine x2  
  167  11:39  Marine  
  175  11:40  Marine  
  175  11:46  Marauder x2  
  181  11:59  Marine x3  
  186  12:01  Medivac  
  188  12:13  Supply Depot  
  188  12:14  Supply Depot  
  187  12:18  Medivac  
  191  12:31  Starport x2  
  191  12:32  Terran Infantry Weapons Level 3  
  191  12:34  Refinery  
  184  12:44  Marauder, Marine x3  
  174  12:46  Refinery  
  174  12:47  Marine x3  
  174  12:49  Marauder x2, Unknown x2  
  183  12:53  Planetary Fortress  
  183  12:55  Marauder, Unknown x2  
  185  13:00  Command Center  
  185  13:06  Terran Infantry Armor Level 3  
  185  13:10  Missile Turret  
  185  13:15  Marauder, Marine x2  
  185  13:18  SCV x3  
  192  13:22  Marauder x2, Marine x2  
  198  13:30  Marauder x2  
  199  13:34  Missile Turret  
  197  13:45  Marauder, Marine x2  
  197  13:49  Marine  
  197  13:50  Marauder, Marine  
  197  13:51  Marine x2  
  200  14:04  Refinery  
  200  14:05  Starport Tech Lab, Refinery  
  200  14:06  Sensor Tower  
  200  14:07  Fusion Core  
  200  14:08  Terran Vehicle And Ship Armor Level 1  
  200  14:13  Command Center  
  198  14:23  Orbital Command  
  177  14:50  Marauder x5, Marine x6  
  178  14:55  Viking x4  
  178  14:58  Advanced Ballistics  
  186  15:08  Marine x6  
  186  15:12  Marauder x4  
  200  15:14  Hi-Sec Auto Tracking  
  198  15:24  Viking  
  200  15:34  Personal Cloaking  
  196  15:43  Neosteel Armor  
  190  15:59  Marauder x4, Marine x2  
  190  16:02  Terran Ship Weapons Level 2  
  193  16:05  Viking x2  
  193  16:10  Battlecruiser  
  188  16:52  Marauder x2, Marine x2  
  181  17:00  Nuke  
  170  17:01  Marine  
  170  17:02  Marauder x2, Marine x4  
  161  17:10  Marine x2  
  161  17:13  Marine x2  
  136  17:17  Liberator x3  
  136  17:19  Marine x3  
  136  17:20  Marauder, Marine  
  146  17:23  Marauder x2  
  146  17:24  Widow Mine x2  
  146  17:27  Command Center  
  146  17:28  Marine x2  
  146  17:29  Command Center  
  146  17:31  Marauder x2  
  146  17:37  Marine x3  
  146  17:38  Marine  
  146  17:42  Marauder  
  152  17:44  Marauder  
  152  17:45  Marauder  
  152  17:46  Marine x2  
  158  17:52  Marauder, Marine  
  158  17:54  Planetary Fortress  
  158  17:55  Marine x4  
  165  18:03  Marauder, Marine x2  
  165  18:04  Missile Turret  
  169  18:06  Marauder x2  
  169  18:10  Marauder  
  169  18:11  Missile Turret  
  169  18:12  Raven  
  177  18:13  Marine x4, Missile Turret  
  177  18:14  Marauder  
  183  18:21  Marine  
  183  18:24  Marauder  
  186  18:29  Missile Turret  
  186  18:31  Marauder, Marine x3  
  186  18:32  Marauder  
  195  18:42  Marine x2  
  195  18:43  Marauder  
  196  18:48  Command Center  
  196  18:53  Marauder x3  
  182  18:55  Unknown  
Show
View Real Time Build Order
Export as new Build Order

Trap Protoss 

Build Orders: 1 Gate Expand, Blink Stalkers 

Get SALT Encoding   

  12  0:00  Probe  
  13  0:12  Probe  
  14  0:18  Pylon  
  14  0:25  Probe  
  15  0:36  Gateway  
  15  0:37  Probe (Chrono Boost)  
  16  0:46  Assimilator, Probe (Chrono Boost)  
  17  0:51  Probe (Chrono Boost)  
  18  1:03  Probe  
  19  1:15  Probe  
  20  1:23  Cybernetics Core  
  20  1:33  Nexus  
  20  1:40  Pylon  
  20  1:42  Probe  
  21  1:50  Assimilator  
  21  1:54  Probe  
  21  1:57  Adept (Chrono Boost)  
  21  2:00  Warp Gate  
  24  2:07  Probe  
  25  2:18  Twilight Council  
  25  2:19  Probe  
  26  2:25  Stalker (Chrono Boost)  
  28  2:31  Probe  
  30  2:46  Probe (Chrono Boost)  
  30  2:47  Probe (Chrono Boost)  
  31  2:55  Blink (Chrono Boost), Probe (Chrono Boost)  
  31  2:58  Probe (Chrono Boost)  
  33  3:01  Probe (Chrono Boost)  
  34  3:07  Probe  
  35  3:13  Stalker, Probe  
  35  3:14  Gateway  
  35  3:19  Probe  
  39  3:25  Probe, Robotics Facility  
  40  3:31  Probe  
  41  3:37  Probe  
  42  3:42  Pylon  
  42  3:43  Probe  
  43  3:49  Probe  
  43  3:51  Stalker  
  46  3:58  Assimilator  
  46  4:00  Probe  
  46  4:01  Probe  
  48  4:03  Pylon  
  48  4:13  Probe x2  
  52  4:21  Stalker x2  
  54  4:25  Shield Battery  
  54  4:27  Pylon  
  54  4:29  Observer (Chrono Boost)  
  54  4:30  Probe x2  
  55  4:34  Robotics Bay  
  55  4:36  Assimilator  
  55  4:39  Nexus  
  55  4:43  Observer (Chrono Boost), Shield Battery  
  56  4:49  Probe  
  56  4:50  Probe  
  58  4:55  Stalker x2  
  58  4:57  Shield Battery  
  62  5:01  Probe  
  62  5:02  Probe  
  64  5:09  Pylon  
  64  5:12  Observer  
  66  5:14  Probe  
  66  5:20  Gateway  
  67  5:21  Stalker  
  67  5:25  Stalker  
  67  5:27  Gravitic Boosters  
  70  5:34  Immortal (Chrono Boost)  
  70  5:35  Probe x2  
  76  5:42  Gateway  
  76  5:43  Charge  
  76  5:53  Stalker x2  
  76  5:55  Probe x3  
  83  6:00  Pylon  
  83  6:07  Immortal (Chrono Boost)  
  83  6:10  Shield Battery  
  83  6:18  Gateway  
  83  6:21  Zealot x3  
  89  6:31  Pylon  
  89  6:33  Pylon  
  89  6:44  Zealot x4  
  91  6:48  Immortal (Chrono Boost)  
  94  6:55  Gateway  
  94  6:57  Gateway  
  94  6:59  Gateway, Probe x2  
  94  7:00  Probe  
  97  7:08  Stalker x3  
  103  7:14  Zealot x2  
  107  7:17  Probe x2  
  107  7:21  Pylon  
  109  7:29  Pylon  
  109  7:33  Pylon  
  109  7:35  Templar Archives  
  109  7:38  Forge  
  109  7:39  Probe  
  110  7:49  Zealot x4, Sentry x2  
  110  7:51  Colossus (Chrono Boost)  
  121  7:52  Extended Thermal Lance  
  125  8:03  Assimilator, Pylon  
  125  8:04  Protoss Ground Weapons Level 1 (Chrono Boost), Pylon  
  125  8:05  Assimilator  
  123  8:09  Probe x2  
  123  8:10  Probe  
  126  8:14  Zealot, High Templar x2  
  126  8:18  Pylon  
  126  8:19  Photon Cannon, Pylon  
  132  8:24  Photon Cannon  
  130  8:27  Archon  
  130  8:32  Zealot x3  
  130  8:34  Colossus (Chrono Boost)  
  130  8:47  Zealot x2, High Templar  
  130  8:48  Zealot  
  138  8:52  Pylon  
  138  8:53  High Templar  
  140  9:00  Archon  
  139  9:04  Photon Cannon  
  139  9:13  Nexus, Zealot x3  
  115  9:24  Zealot x4  
  115  9:26  Observer (Chrono Boost)  
  115  9:29  Probe x3  
  110  9:40  High Templar  
  110  9:42  High Templar x2  
  110  9:44  High Templar  
  118  9:50  Nexus  
  118  9:52  Warp Prism (Chrono Boost)  
  102  9:53  Archon x2  
  102  9:56  Protoss Ground Weapons Level 2 (Chrono Boost)  
  104  10:05  Sentry x2  
  104  10:06  Zealot x2  
  112  10:11  Pylon  
  112  10:16  High Templar  
  112  10:17  Zealot x2, High Templar  
  112  10:19  Gateway  
  120  10:21  Gateway  
  120  10:22  Archon  
  126  10:32  Disruptor (Chrono Boost)  
  123  10:36  Robotics Facility  
  123  10:41  Photon Cannon, Zealot x3  
  123  10:42  Zealot  
  131  10:53  Probe x3  
  131  10:57  Disruptor (Chrono Boost)  
  136  11:03  Gravitic Drive, Robotics Facility  
  136  11:09  Photon Cannon  
  136  11:11  Shield Battery  
  136  11:16  Zealot x6  
  148  11:23  Zealot, High Templar x2, Observer (Chrono Boost)  
  155  11:27  Disruptor (Chrono Boost)  
  156  11:36  Stalker x3  
  156  11:37  Stalker  
  162  11:42  Immortal (Chrono Boost)  
  162  11:58  High Templar  
  162  12:00  Archon  
  162  12:01  Zealot x7  
  174  12:03  Protoss Ground Weapons Level 3 (Chrono Boost)  
  178  12:14  Forge  
  178  12:17  Nexus  
  178  12:22  High Templar  
  180  12:26  Dark Shrine  
  172  12:30  Stalker x2  
  145  12:47  High Templar  
  145  12:48  Zealot x4, High Templar  
  145  12:49  Archon  
  157  12:53  Zealot  
  157  12:54  Zealot x2  
  157  12:55  Archon  
  157  12:57  Observer (Chrono Boost)  
  168  13:00  Probe x3  
  168  13:01  Probe  
  168  13:04  Pylon, Immortal (Chrono Boost)  
  172  13:09  Assimilator  
  172  13:10  Assimilator, Pylon  
  172  13:12  Probe  
  173  13:15  Warp Prism (Chrono Boost)  
  173  13:18  Stalker  
  174  13:20  Stalker  
  175  13:27  Disruptor (Chrono Boost), Pylon  
  175  13:31  Protoss Ground Armor Level 1 (Chrono Boost)  
  178  13:34  Disruptor (Chrono Boost)  
  179  13:43  Colossus (Chrono Boost)  
  185  13:51  Nexus  
  185  14:01  Colossus  
  191  14:08  Zealot x4  
  199  14:11  Photon Cannon  
  190  14:34  Disruptor x2 (Chrono Boost)  
  193  14:39  Zealot x3  
  193  14:45  Zealot x6  
  190  14:52  Colossus (Chrono Boost)  
  163  14:56  Protoss Shields Level 1  
  169  15:00  Probe  
  170  15:09  Shadow Stride (Chrono Boost)  
  170  15:12  Probe  
  171  15:21  Nexus  
  171  15:22  Pylon  
  171  15:25  Observer x2  
  171  15:33  High Templar  
  171  15:34  Zealot x4, High Templar x3  
  171  15:35  Zealot  
  187  15:42  Archon x2  
  174  15:59  Gateway  
  174  16:01  Gateway  
  166  16:05  Nexus, Gateway  
  166  16:08  Immortal x2 (Chrono Boost)  
  170  16:17  Disruptor (Chrono Boost)  
  171  16:19  Photon Cannon  
  171  16:20  Shield Battery  
  171  16:22  Stalker x3  
  177  16:29  Shield Battery  
  177  16:31  Shield Battery  
  175  16:39  Stalker x3  
  175  16:52  Zealot  
  175  16:53  Zealot x2  
  121  17:05  Stalker  
  121  17:06  Stalker x2  
  103  17:13  Zealot x2  
  103  17:14  Zealot  
  92  17:20  Dark Templar x3  
  82  17:28  Colossus x2 (Chrono Boost)  
  82  17:29  Stalker x3  
  82  17:30  Immortal (Chrono Boost)  
  82  17:35  Stalker  
  99  17:42  Stalker x2  
  102  17:53  Sentry x2  
  102  17:54  Zealot x4  
  114  18:04  Probe (Chrono Boost)  
  115  18:11  Disruptor (Chrono Boost)  
  125  18:13  Probe (Chrono Boost)  
  125  18:14  Colossus (Chrono Boost)  
  125  18:18  Probe (Chrono Boost)  
  125  18:19  Disruptor (Chrono Boost)  
  125  18:23  Zealot x5  
  125  18:24  Zealot  
  125  18:26  Archon, Assimilator  
  137  18:29  Stalker x2  
  136  18:40  Warp Prism (Chrono Boost)  
  135  18:46  Stalker  
  135  18:47  Disruptor (Chrono Boost)  
  137  18:53  Zealot  
  137  18:54  Zealot, Stalker  
Tags
 
Add a new tag
Caveats
  • Supply blocks, unpowered buildings, or Contaminate may cause inaccurate times.
  • Supply counts are checked every 10 seconds.